 Dungeon Crawl Stone Soup version 0.28.0-1-gb440e238dd (webtiles) character file.

Game seed: 6212847345096768301

8 Morbidden the Skirmisher (level 2, 24/24 HPs)
             Began as a Demonspawn Fighter on Feb 20, 2022.
             Quit the game on level 1 of the Dungeon.
             The game lasted 00:00:15 (78 turns).

Morbidden the Skirmisher (Demonspawn Fighter)         Turns: 78, Time: 00:00:16

Health: 24/24      AC:  6    Str: 16    XL:     2   Next: 0%
Magic:  2/2        EV:  8    Int:  9    God:
Gold:   11         SH:  4    Dex: 12    Spells: 1/1 levels left

rFire   . . .      SeeInvis .   a - +0 war axe
rCold   . . .      Faith    .   c - +0 buckler
rNeg    . . .      Spirit   .   b - +0 scale mail
rPois   .          Reflect  .   (helmet restricted)
rElec   .          Harm     .   (no cloak)
rCorr   .          Rampage  .   (no gloves)
Will    .....                   (no boots)
Stlth   ..........              g - amulet of magic regeneration
HPRegen 0.08/turn               (no ring)
MPRegen 0.48/turn               (no ring)

@: no status effects
A: antennae 1
a: no special abilities


You were on level 1 of the Dungeon.
You visited 1 branch of the dungeon, and saw 1 of its levels.

You collected 11 gold pieces.

Inventory:

Hand Weapons
 a - a +0 war axe (weapon)
Armour
 b - a +0 scale mail (worn)
 c - a +0 buckler (worn)
Jewellery
 g - an amulet of magic regeneration (around neck)
Scrolls
 f - a scroll of identify {unknown}
Potions
 d - a potion of might
 e - a potion of lignification {unknown}


   Skills:
 * Level 3.1 Fighting
 + Level 1.8 Axes
 + Level 2.8 Armour
 * Level 0.2 Dodging
 + Level 2.8 Shields


You had one spell level left.
You didn't know any spells.
Your spell library was empty.

Dungeon Overview and Level Annotations

Branches:
Dungeon (1/15)

Altars:


Innate Abilities, Weirdness & Mutations

You have a pair of small antennae on your head.


Message History

The rat bites you but does no damage.
You slash the rat!
You kill the rat!
You hit the endoplasm. The endoplasm barely misses you. x2
You slash the endoplasm!
You kill the endoplasm!
No target in view!
No target in view!
g - an amulet of magic regeneration You start putting on your amulet.
You continue putting on your amulet of magic regeneration. x5
You finish putting on your amulet of magic regeneration.
g - an amulet of magic regeneration (around neck)
You don't know any spells.
Unknown command.
Key pressed, stopping explore.
No target in view!
Key pressed, stopping explore.
Found a faded altar of an unknown god.
No target in view!
No target in view!
No target in view!
No target in view!
A hobgoblin comes into view.
The hobgoblin shouts!
The hobgoblin hits you but does no damage.
A hobgoblin is nearby!
You hit the hobgoblin but do no damage. The hobgoblin barely misses you. x2
A hobgoblin is nearby!
You hit the hobgoblin.
The hobgoblin is moderately wounded.
The hobgoblin hits you but does no damage.
A hobgoblin is nearby!
You hit the hobgoblin.
You kill the hobgoblin!
You have reached level 2!
You feel monstrous as your demonic heritage exerts itself.
Your demonic ancestry asserts itself...
A pair of antennae grows on your head!
Are you sure you want to abandon this character and quit the game? (Confirm with "yes".)

####.............#
#.....>..........+
#.##.#####.......#
#.##.....+.......#
#.########.......#
#.# .####..†....#
###.# ............#
#...###.#######...##
#.#@....# #.....
#.†.....# #...#.
#.8.8...# #...##
#.._...## #...#
#.....## #...#
#.....# #...##
####### #.....
#####. ##


There were no monsters in sight!

Vanquished Creatures
  A dart slug (D:1)
  A bat (D:1)
  An endoplasm (D:1)
  A hobgoblin (D:1)
  A ball python (D:1)
  A rat (D:1)
6 creatures vanquished.

Notes
Turn   | Place    | Note
-------+----------+-------------------------------------------
     0 | D:1      | Morbidden the Demonspawn Fighter began the quest for the
                  | Orb.
     0 | D:1      | Reached XP level 1. HP: 18/18 MP: 1/1
    70 | D:1      | Found a faded altar of an unknown god.
    78 | D:1      | Discovered your monstrous ancestry.
    78 | D:1      | Gained mutation: You have a pair of small antennae on your
                  | head. [demonic ancestry]
    78 | D:1      | Reached XP level 2. HP: 24/24 MP: 2/2
    78 | D:1      | Quit the game

Illustrated notes

Levels and vault maps discovered:
D:1:      dpeg_arrival_shrine, layout_basic, serial_rivers,
          chequers_serial_rivers_room_b, chequers_serial_rivers_small_a,
          chequers_serial_rivers_micro_d, chequers_serial_rivers_micro_c,
          dreamdust_ecumenical_altar_statues, st_stairs_13

Action                   || total
-------------------------++-------
Melee: War axe           ||    10
Armor: Scale mail        ||     5
Dodge: Dodged            ||     6
Block: Buckler           ||     1
